 Dungeon Crawl Stone Soup version 0.31-a0-345-g1ebeae05c6 (webtiles) character file.

Game seed: 11480526127318159846

5047 shadowrider38 the Slicer (level 10, 0/43 (44) HPs)
             Began as a Vine Stalker Shapeshifter on July 23, 2023.
             Was an Initiate of Gozag.
             Succumbed to a kobold brigand's curare-tipped dart
             ... on level 8 of the Dungeon.
             The game lasted 00:12:47 (7304 turns).

shadowrider38 the Slicer (VSSh)                     Turns: 7304, Time: 00:12:48

HP:   0/43 (44)     AC: 11    Str: 17    XL:     10   Next: 55%
MP:   2/11          EV:  5    Int:  8    God:    Gozag
Gold: 478           SH:  0    Dex: 20    Spells: 9/9 levels left

rFire   . . .        a - +1 short sword (venom)
rCold   . . .        h - orb {light}
rNeg    . . .        q - +1 plate armour
rPois   .            (helmet currently unavailable)
rElec   .            (cloak currently unavailable)
rCorr   .            (gloves currently unavailable)
SInv    .            (boots currently unavailable)
Will    +....        d - amulet of magic regeneration Stlth
                     (no ring)
HPRegen 1.07/turn    (no ring)
MPRegen 0.52/turn

%: guardian spirit
@: lethally poisoned (0 -> -7), beast-form, slowed, glowing, studying Throwing,
lightly drained, very slow
A: beast (slay +5), fangs 3, regeneration 1, magic shield, antimagic bite, no
potion heal 2
a: Begin Untransformation, Renounce Religion, Potion Petition, Call Merchant,
Bribe Branch


You were on level 8 of the Dungeon.
You worshipped Gozag.
Gozag was aware of your devotion.
You were a hulking beast.
You visited 2 branches of the dungeon, and saw 10 of its levels.
You also visited: Sewer.

You collected 1082 gold pieces.
You spent 184 gold pieces at shops.
You paid 420 gold pieces to Gozag.

Inventory:

Hand Weapons
 a - a +1 short sword of venom (weapon)
 b - a +3 short sword
 p - the +3 short sword of Dugeips {protect, Str+2}
   (You bought it in a shop on level 2 of the Dungeon)

   Str:       It affects your strength (+2).
 x - the +0 quarterstaff of the Everdark {venom, rC++ MP+9 Int+2}
   (You found it on level 5 of the Dungeon)

   Int:       It affects your intelligence (+2).
   rC:        It greatly protects you from cold.
   MP:        It affects your magic capacity (+9).
 A - a +0 rapier
Missiles
 k - 24 poisoned darts
 t - 4 boomerangs
 v - 9 javelins
Armour
 h - an orb of light (worn)
 q - a +1 plate armour (worn)
 w - a +0 robe of willpower
Magical Staves
 i - a staff of air
Jewellery
 d - an amulet of magic regeneration (around neck)
 o - a ring of ice
Talismans
 c - a beast talisman
 C - a maw talisman
Wands
 E - a wand of charming (14)
 I - a wand of iceblast (11)
Scrolls
 f - 2 scrolls of enchant armour
 g - a scroll of summoning
 u - a scroll of poison {unknown}
 y - a scroll of immolation
 D - a scroll of amnesia {unknown}
 F - a scroll of fear {unknown}
 G - a scroll of vulnerability {unknown}
 H - a scroll of enchant weapon {unknown}
 J - a scroll of brand weapon {unknown}
 T - 3 scrolls of teleportation
Potions
 e - 2 potions of heal wounds {unknown}
 j - 2 potions of lignification
 l - 2 potions of invisibility
 m - 2 potions of resistance
 n - 6 potions of enlightenment
 r - 2 potions of mutation {unknown}
 s - a potion of berserk rage {unknown}
 z - a potion of ambrosia {unknown}
 B - a potion of haste {unknown}
 Q - a potion of curing


   Skills:
 - Level 0.8 Fighting
 * Level 11.2 Short Blades
 - Level 1.5 Dodging
 - Level 3.0 Unarmed Combat
 + Level 8.3 Shapeshifting


You had 9 spell levels left.
You didn't know any spells.
Your spell library contained the following spells:

 Spells                   Type           Power      Damage    Failure   Level
 Slow                     Hex            0%         N/A       100%        1
 Confusing Touch          Hex            0%         N/A       100%        3
 Gell's Gravitas          Tloc           0%         N/A       100%        3
 Ignite Poison            Fire/Tmut/Pois 0%         N/A       100%        3
 Teleport Other           Tloc           0%         N/A       100%        3
 Vampiric Draining        Necr           0%         2d6       100%        3
 Sticky Flame             Conj/Fire      0%         2d3       100%        4
 Dispersal                Tloc           0%         N/A       100%        6
 Ignition                 Fire           0%         3d3       100%        8


Dungeon Overview and Level Annotations

Branches:
Dungeon (9/15)             Temple (1/1) D:5           Sewer (visited)
   Lair: D:8-11         Orc: D:9-12

Altars:
Ashenzari
Cheibriados
Dithmenos
Elyvilon
Fedhas
Gozag
Hepliaklqana
Kikubaaqudgha
Makhleb
Nemelex Xobeh
Okawaru
Qazlal
Sif Muna
Trog
Uskayaw
Vehumet
Wu Jian
Xom
Yredelemnul
Zin
The Shining One

Shops:
D:1 :   D:2 (   D:8 *=?((

Annotations:
D:4 exclusion: downstairs
D:7 1 runed translucent door
D:8 1 runed translucent door, juan097's ghost, novice BaHu


Innate Abilities, Weirdness & Mutations

You are a hulking beast.
Your limbs bulge with bestial killing power. (Slay +5)
You have razor-sharp teeth.
Your natural rate of healing is unusually fast.
When hurt, damage is shared between your health and your magic reserves.
Your bite disrupts and absorbs the magic of your enemies.
Potions cannot restore your health.


Message History

You see here a +0 club.
A kobold comes into view. It is wielding a +0 short sword.
Okay, then.
Okay, then.
Unknown command.
Unknown command.
You now have enough gold to buy a +4 chain mail of fire resistance on D:8.
You can access your shopping list by pressing '$'.
You now have 478 gold pieces (gained 17).
Items here: ( )) [.
A troll comes into view.
The troll shouts!
You hear a shout!
There is a stone staircase leading up, spattered with blood here.
You climb upwards.
Level annotation: 1 runed translucent door, juan097's ghost, novice BaHu
There is a stone staircase leading down, spattered with blood here.
You see here a +0 short sword.
Okay, then.
There is a stone staircase leading down, spattered with blood here.
You see here a +0 short sword.
You climb downwards.
The troll barely misses you. The troll claws you! x2
A kobold brigand comes into view.
It is wielding a +0 short sword and quivering curare-tipped darts.
The troll bites you! The troll claws you but does no damage.
The troll barely misses you.
There is a stone staircase leading up, spattered with blood here.
The kobold brigand shouts!
You hit the troll. You bite the troll. You drain its power.
You feel invigorated.
The troll is lightly wounded.
You hear a shout!
You barely miss the troll. Your bite misses the troll.
The troll is lightly wounded.
The troll bites you. The troll claws you but does no damage.
The troll barely misses you.
A kobold comes into view. It is wielding a +0 club.
The troll bites you!
* * * LOW HITPOINT WARNING * * *
The troll claws you.
* * * LOW HITPOINT WARNING * * *
The troll claws you but does no damage.
The kobold brigand throws a curare-tipped dart.
The curare-tipped dart hits you.
You are poisoned.
You have difficulty breathing.
* * * LOW HITPOINT WARNING * * *
You feel yourself slow down.
You climb upwards.
Level annotation: 1 runed translucent door, juan097's ghost, novice BaHu You die...
Your body crumbles into a pile of gold.

..##.# ##...#.#####
..##.##########.........#
..#..............##.###.#
..#)##########......# #.# ..#.#
##..#### #.# ....# #..# #.#
##### #..######.#
#)T.......#### ##h#.........#
####### #)#.#######.######
#.....########.#.##..<........#
#.###...............#.##.####.#
#.# #########....##.......# #.#
#.# #.....####.##..###.# #.#
##.....>...........# #.#
##.######.........# #.# #.#
##.##.##.##


You could see a troll.

Vanquished Creatures
  Erolcha (D:9)
  Pikel (D:5)
  A rime drake (D:8)
  A polar bear (D:9)
  3 yaks (D:8)
  Eustachio (D:6)
  A steam dragon (D:7)
  A water moccasin (D:5)
  A black bear (D:5)
  An ogre (D:6)
  An ice beast (D:9)
  2 orc warriors
  2 wolves (D:8)
  4 phantoms
  2 lemures (D:5)
  2 bullfrogs
  6 wights
  7 killer bees
  A howler monkey (D:5)
  5 hounds
  2 jellies
  2 orc priests (D:4)
  2 sleepcaps
  2 gnoll boudas
  2 orc wizards (D:8)
  4 iguanas
  A sickly merfolk siren (Sewer)
  Natasha (thrice) (D:4)
  A malarious merfolk avatar (Sewer)
  8 gnolls
  9 adders
  A river rat (Sewer)
  2 ufetubi
  A dart slug (D:1)
  24 orcs
  2 bats
  8 endoplasms
  4 giant cockroaches
  9 goblins
  6 hobgoblins
  4 quokkas
  11 ball pythons
  5 frilled lizards
  A jackal skeleton (D:7)
  6 kobolds
  35 rats
199 creatures vanquished.

Vanquished Creatures (collateral kills)
  A killer bee (D:7)
  3 orcs (D:7)
4 creatures vanquished.

Grand Total: 203 creatures vanquished

Notes
Turn   | Place    | Note
-------+----------+-------------------------------------------
     0 | D:1      | shadowrider38 the Vine Stalker Shapeshifter began the quest
                  | for the Orb.
     0 | D:1      | Reached XP level 1. HP: 9/9 MP: 2/2
    33 | D:1      | Found a faded altar of an unknown god.
   302 | D:1      | Reached XP level 2. HP: 12/14 MP: 3/3
   414 | D:1      | Reached skill level 1 in Short Blades
   497 | D:1      | Found Puunipuw's Book Shoppe.
  1041 | D:2      | Found Serph's Antique Weapon Emporium.
  1168 | D:2      | Reached XP level 3. HP: 14/17 MP: 2/4
  1905 | D:3      | Found a glowing drain.
  1909 | D:3      | Reached skill level 2 in Short Blades
  1912 | D:3      | Gained mutation: Your natural rate of healing is unusually
                  | fast. [Vine Stalker growth]
  1912 | D:3      | Reached XP level 4. HP: 21/21 MP: 5/5
  1942 | Sewer    | Entered a sewer
  2076 | Sewer    | Reached XP level 5. HP: 25/25 MP: 6/6
  2135 | Sewer    | Reached skill level 3 in Short Blades
  2362 | D:2      | Bought a brightly glowing short sword for 184 gold pieces
  2362 | D:2      | Identified the +3 short sword of Dugeips {protect, Str+2}
                  | (You bought it in a shop on level 2 of the Dungeon)
  2841 | D:4      | Noticed Natasha
  2847 | D:4      | Killed Natasha
  2937 | D:4      | Reached XP level 6. HP: 29/29 MP: 7/7
  3165 | D:4      | Reached skill level 4 in Short Blades
  3165 | D:4      | Noticed Natasha
  3171 | D:4      | Killed Natasha
  3188 | D:4      | Reached XP level 7. HP: 32/32 MP: 8/8
  3469 | D:4      | Noticed Natasha
  3478 | D:4      | Killed Natasha
  3566 | D:5      | Entered Level 5 of the Dungeon
  3608 | D:5      | Reached skill level 5 in Short Blades
  3629 | D:5      | Identified the +0 quarterstaff of the Everdark {venom, rC++
                  | MP+9 Int+2}
  3864 | D:5      | Noticed Pikel
  4102 | D:5      | Reached skill level 6 in Short Blades
  4102 | D:5      | Gained mutation: You have razor-sharp teeth. [Vine Stalker
                  | growth]
  4102 | D:5      | Reached XP level 8. HP: 28/37 MP: 6/9
  4232 | D:5      | Killed Pikel
  4233 | D:5      | Reached skill level 7 in Short Blades
  4287 | D:5      | Found a staircase to the Ecumenical Temple.
  4303 | Temple   | Entered the Ecumenical Temple
  4389 | D:6      | Noticed Eustachio
  4433 | D:6      | Killed Eustachio
  4434 | D:6      | Reached skill level 8 in Short Blades
  4434 | D:6      | Reached XP level 9. HP: 29/40 MP: 6/10
  4676 | D:6      | Found a broken altar of Ashenzari.
  4677 | D:6      | Found an opulent altar of Gozag.
  4678 | D:6      | Found a shimmering altar of Xom.
  4679 | D:6      | Found a radiant altar of Vehumet.
  4685 | D:6      | Became a worshipper of Gozag Ym Sagoz the Greedy
  4801 | D:6      | Found a shadowy altar of Dithmenos.
  4987 | D:7      | Found an ancient bone altar of Kikubaaqudgha.
  5092 | D:7      | Found a runed translucent door.
  5097 | D:7      | Found a basalt altar of Yredelemnul.
  5298 | D:7      | Reached skill level 9 in Short Blades
  5574 | D:7      | Found a snail-covered altar of Cheibriados.
  5609 | D:7      | Found an iron altar of Okawaru.
  6237 | D:8      | Noticed juan097's ghost (novice BaHu)
  6242 | D:8      | Found a runed translucent door.
  6338 | D:8      | Found a glowing golden altar of the Shining One.
  6364 | D:8      | Reached skill level 10 in Short Blades
  6367 | D:8      | Reached XP level 10. HP: 24/44 MP: 8/11
  6681 | D:8      | Found Boraidgho's Magic Scroll Emporium.
  6682 | D:8      | Found Ewapu's Jewellery Emporium.
  6696 | D:8      | Found Xakexamp's Antique Weapon Emporium.
  6697 | D:8      | Found Didue's Antique Weapon Emporium.
  6841 | D:8      | Found Amekab's Fire Supplies.
  6980 | D:9      | Noticed Erolcha
  6987 | D:9      | Killed Erolcha
  7111 | D:8      | Reached skill level 11 in Short Blades
  7111 | D:8      | HP: 2/44 [wolf (3)]
  7304 | D:8      | Succumbed to a kobold brigand's curare-tipped dart

Illustrated notes

Levels and vault maps discovered:
D:1:      matt_arrival_grand_opening, layout_basic,
          ebering_ecumenical_altar_ruins, serial_shops,
          nicolae_book_shop_shelving, kennysheep_doodads
D:2:      layout_loops_ring, serial_shops, nicolae_shop_window_shopping
D:3:      layout_loops_ring, portal_sewer_entry_a, feat_on_display
D:4:      layout_layer_cave, uniq_natasha
D:5:      layout_rooms, minmay_temple_entry_poolview, chequers_garden,
          uniq_pikel
D:6:      layout_cave_pools, mainiacjoe_overflow_cross_hatched,
          mainiacjoe_overflow_alcove_3, grunt_decor_mini_mirrors,
          minmay_strange_pillars, minmay_misc_feat_nine_boxes, uniq_eustachio
D:7:      layout_gridville, chei_slow_surprise, overflow_temple_1_default,
          okawaru_metal_pillars_3, dk_yredelemnul_ordeal, chequers_mini_garden
D:8:      layout_loops_corners, mainiacjoe_overflow_brackets,
          hellmonk_ghost_big_iron, chequers_decorated_corner,
          minmay_shop_grid_forest, nicolae_shop_fire_sale
          [nicolae_sub_dead_trees]
D:9:      layout_big_octagon, mainiacjoe_overflow_six_doors_small,
          hellmonk_lair_entry_icy, uniq_erolcha
Temple:   chequers_temple_sunken

Skill      XL: |  1  2  3  4  5  6  7  8  9 10 |
---------------+-------------------------------+-----
Short Blades   | 1 2 3 4 6 8 10 11 | 11.2
Shapeshifting  | 4 5 6 7 8 |  8.3
Fighting       | |  0.8
Dodging        | |  1.5
Unarmed Combat | |  3.0

Action                     |  1- 3 |  4- 6 |  7- 9 | 10-12 || total
---------------------------+-------+-------+-------+-------++-------
  Melee: Unarmed           |    18 |       |       |       ||    18
         Short sword       |    28 |    58 |   236 |    85 ||   407
         Bite              |    13 |    31 |    98 |    34 ||   176
         Punch             |     1 |       |       |       ||     1
         Dagger            |    19 |    74 |       |       ||    93
 Invoke: Potion Petition   |       |       |       |     1 ||     1
    Use: Scroll            |     2 |     1 |     7 |       ||    10
         Potion            |       |       |     1 |     1 ||     2
   Stab: Distracted        |       |       |     1 |     1 ||     2
 Armour: Animal skin       |     6 |       |       |       ||     6
         Scale mail        |     1 |       |       |       ||     1
         Plate armour      |    16 |    68 |   178 |    53 ||   315
  Dodge: Dodged            |    30 |    24 |    84 |    21 ||   159

Table legend: (Time is in decaauts)
 A = Elapsed time spent in this place.
 B = Non-inter-level travel time spent in this place.
 C = Inter-level travel time spent in this place.
 D = Time resting spent in this place.
 E = Time spent auto-exploring this place.
 F = Levels seen in this place.
 G = Mean time per level.
                   A        B        C        D        E       F      G
               +--------+--------+--------+--------+--------+-----+--------+
         Total |   7203 |   6762 |    441 |    436 |   4747 |  11 |  654.8 |
       Dungeon |   6792 |   6351 |    441 |    436 |   4567 |   9 |  754.7 |
        Temple |      9 |      9 |      0 |      0 |      0 |   1 |    9.0 |
         Sewer |    402 |    402 |      0 |      0 |    179 |   1 |  402.0 |
               +--------+--------+--------+--------+--------+-----+--------+

Top non-repeatable levels by time:
     D:8: 1320 daAuts
     D:1: 908 daAuts
     D:7: 883 daAuts
     D:2: 860 daAuts
     D:4: 857 daAuts
     D:3: 682 daAuts
     D:5: 639 daAuts
     D:6: 572 daAuts
   Sewer: 402 daAuts
     D:9: 67 daAuts
  Temple: 9 daAuts
